 Dungeon Crawl Stone Soup version 0.16.1-7-g2c6721e (webtiles) character file.

1190 Shoikan the Basher (level 8, -7/64 HPs)
             Began as a Minotaur Berserker on Mar 28, 2015.
             Was an Elder of Trog.
             Splashed by a jelly's acid (11 damage)
             ... on level 6 of the Dungeon on Mar 29, 2015.
             The game lasted 00:45:13 (5853 turns).

Shoikan the Basher (Minotaur Berserker)             Turns: 5853, Time: 00:45:13

Health: -7/64      AC: -3    Str: 22    XL:     8   Next: 20%
Magic:  3/3        EV:  7    Int:  6    God:    Trog [****..]
Gold:   141        SH:  0    Dex: 10    Spells: 0 memorised, 7 levels left

rFire  + . .     SeeInvis .     r - -3 flail
rCold  . . .     Clarity  .     p - +0 plate armour
rNeg   . . .     SustAb   .     (no shield)
rPois  .         Gourm    .     (helmet restricted)
rElec  .         Spirit   .     (no cloak)
rCorr  .         Warding  .     (no gloves)
rMut   .         Stasis   .     (no boots)
MR     .....                    (no amulet)
Stlth  ..........               (no ring)
                                x - ring of protection from fire

@: about to teleport, corroded equipment, not resistant to hostile enchantments,
extremely unstealthy
A: retaliatory headbutt, horns 2
a: Burn Spellbooks, Berserk, Trog's Hand, Brothers in Arms, Renounce Religion


You were on level 6 of the Dungeon.
You worshipped Trog.
Trog was greatly pleased with you.
You were not hungry.

You visited 1 branch of the dungeon, and saw 6 of its levels.

You collected 141 gold pieces.

Inventory:

Hand weapons
 a - a +0 mace
 m - a +0 dagger of speed
 r - a -3 flail (weapon)
 s - a +3 war axe of electrocution
 u - a +3 dagger of holy wrath
 B - a +0 blowgun
 D - a +0 morningstar
Missiles
 q - 7 tomahawks (quivered)
 w - 8 curare-tipped needles
Armour
 j - a +2 chain mail of positive energy
 p - a +0 plate armour (worn)
 y - the +0 ring mail "Uczyaq" {rElec rF- rC+ MR+ Str+3, unknown}
   (You found it on level 5 of the Dungeon)

   It affects your strength (+3).
   It makes you vulnerable to fire.
   It protects you from cold.
   It insulates you from electricity.
   It affects your resistance to hostile enchantments.
Jewellery
 v - a +4 ring of evasion {unknown}
 x - a ring of protection from fire (left hand)
Magical devices
 b - a wand of frost (17)
Scrolls
 e - 3 scrolls of teleportation
 h - 2 scrolls of identify
 n - a scroll of magic mapping
 t - a scroll of blinking
Potions
 d - 3 potions of curing
 f - a potion of lignification
 g - a potion of invisibility {unknown}
 i - a potion of magic {unknown}
 k - 2 potions of heal wounds {unknown}
 z - a potion of haste {unknown}
 A - a potion of might {unknown}
 C - a potion of berserk rage {unknown}
 E - a potion of beneficial mutation {unknown}
Comestibles
 c - 6 bread rations
 l - 4 fruits
 o - a meat ration


   Skills:
 + Level 3.6 Fighting
 - Level 12.0 Maces & Flails
 + Level 2.4 Armour
 - Level 2.1 Dodging


You had 7 spell levels left.
You didn't know any spells.

Dungeon Overview and Level Annotations

Branches:
Dungeon (6/15)
 Temple: D:4-7

Altars:
Ashenzari
Ru
Xom
Yredelemnul


Innate Abilities, Weirdness & Mutations

You reflexively headbutt those who attack you in melee.
You have a pair of horns on your head.


Message History

Your plate armour prevents you from hitting the jelly.
You headbutt the jelly, but do no damage.
The jelly is heavily wounded.
The jelly hits you but does no damage.
You hit the jelly. The acid corrodes your equipment!
The jelly is almost dead.
You hit the jelly but do no damage. The acid corrodes your equipment!
The jelly is almost dead.
The jelly hits you.
* * * LOW HITPOINT WARNING * * *
You are splashed with acid!
The acid burns!
* * * LOW HITPOINT WARNING * * *
As you read the scroll of teleportation, it crumbles to dust.
You feel strangely unstable. The jelly closely misses you.
You furiously retaliate!
You headbutt the jelly, but do no damage.
The jelly hits you.
* * * LOW HITPOINT WARNING * * *
You are splashed with acid!
The acid burns!
You die...

#..###+## #######
##)###.# #.......
#..##.# ###........
##.##.# #.......)..
#..#.# ##.......#
##.#.# #........#
#...# #......#
##..###.J....####
#.>...@..........
......###############
.###. #. #. #. .


You could see a jelly.

Vanquished Creatures
  Grinder (D:5)
  The ghost of abixa the Cudgeler, an average GrGl of Zin (D:4)
  2 phantoms (D:5)
  Sigmund (D:4)
  A scorpion (D:4)
  A crimson imp (D:5)
  2 orc priests
  A worker ant (D:4)
  A centaur skeleton (D:4)
  A hound (D:6)
  Natasha (D:6)
  2 orc wizards (D:5)
  Jessica (D:2)
  A worker ant zombie (D:5)
  8 adders
  2 giant mites
  2 shadow imps (D:5)
  A worm (D:3)
  An adder zombie (D:6)
  3 giant geckos
  An ooze (D:1)
  11 orcs
  A bat zombie (D:6)
  17 goblins
  17 hobgoblins
  6 jackals
  10 kobolds
  3 quokkas
  A ball python (D:2)
  11 bats
  4 giant cockroaches
  A giant gecko skeleton (D:4)
  9 giant newts
  A giant spore (D:6)
  11 rats
  3 ballistomycetes (D:6)
141 creatures vanquished.

Notes
Turn   | Place    | Note
--------------------------------------------------------------
     0 | D:1      | Shoikan, the Minotaur Berserker, began the quest for the Orb.
     0 | D:1      | Reached XP level 1. HP: 19/19 MP: 1/1
    50 | D:1      | Reached skill level 4 in Maces & Flails
   122 | D:1      | Reached XP level 2. HP: 21/26 MP: 1/1
   312 | D:1      | Acquired Trog's second power
   317 | D:1      | Reached skill level 5 in Maces & Flails
   568 | D:1      | Reached XP level 3. HP: 29/31 MP: 2/2
   784 | D:2      | Found a basalt altar of Yredelemnul.
   967 | D:2      | Noticed Jessica
   992 | D:2      | HP: 1/31 [Jessica/wand of frost (10)]
   993 | D:2      | Killed Jessica
  1123 | D:2      | Reached XP level 4. HP: 26/39 MP: 2/2
  1143 | D:2      | Upgraded the game from 0.16.1-5-gaa23807 to 0.16.1-7-g2c6721e
  1293 | D:2      | Reached skill level 6 in Maces & Flails
  2333 | D:3      | Reached skill level 7 in Maces & Flails
  2333 | D:3      | Reached XP level 5. HP: 26/45 MP: 2/2
  3065 | D:5      | Entered Level 5 of the Dungeon
  3103 | D:4      | Noticed abixa's ghost (average GrGl)
  3112 | D:4      | Killed abixa's ghost
  3112 | D:4      | Reached skill level 8 in Maces & Flails
  3112 | D:4      | Reached XP level 6. HP: 51/51 MP: 3/3
  3131 | D:4      | Reached skill level 9 in Maces & Flails
  3233 | D:4      | Noticed Sigmund
  3582 | D:4      | Reached XP level 7. HP: 51/57 MP: 3/3
  3721 | D:4      | Acquired Trog's third power
  3754 | D:4      | Killed Sigmund
  4136 | D:4      | Reached skill level 10 in Maces & Flails
  4385 | D:5      | Noticed Grinder
  4395 | D:5      | Paralysed by Grinder for 5 turns
  4433 | D:5      | Killed Grinder
  4433 | D:5      | Reached skill level 11 in Maces & Flails
  4582 | D:5      | Got a faintly humming ring mail
  4597 | D:5      | Noticed a phantom
  4601 | D:5      | Found Schobb's Elemental Accessories.
  4620 | D:5      | Killed a phantom
  4731 | D:5      | Reached XP level 8. HP: 61/64 MP: 3/3
  5235 | D:5      | Found a sacrificial altar of Ru.
  5235 | D:5      | Found a shimmering altar of Xom.
  5300 | D:6      | Found a shattered altar of Ashenzari.
  5820 | D:6      | Noticed Natasha
  5832 | D:6      | Killed Natasha
  5832 | D:6      | Reached skill level 12 in Maces & Flails
  5853 | D:6      | Splashed by a jelly's acid

Action                   |  1- 3 |  4- 6 |  7- 9 || total
-------------------------+-------+-------+-------++-------
Melee: Mace              |    70 |   136 |    13 ||   219
       Flail             |       |       |   173 ||   173
       Unarmed           |       |       |     7 ||     7
Throw: Tomahawk          |       |    34 |       ||    34
Invok: Trog's Hand       |     1 |     1 |     2 ||     4
       Berserk           |     1 |     1 |     1 ||     3
  Use: Scroll            |       |     2 |     8 ||    10
 Stab: Sleeping          |     1 |       |       ||     1
  Eat: Chunk             |     1 |     9 |     6 ||    16
       Meat ration       |       |       |     1 ||     1
